 Dungeon Crawl Stone Soup version 0.21-a0-442-g848f44b (webtiles) character file.

1030 esteth the Covert (level 8, -9/54 HPs)
             Began as a Spriggan Enchanter on Nov 16, 2017.
             Killed by divine providence
             ... invoked by an orc priest
              (11 damage)
             ... on level 5 of the Dungeon.
             The game lasted 00:13:35 (5539 turns).

esteth the Covert (Spriggan Enchanter)              Turns: 5539, Time: 00:13:36

Health: -9/54      AC:  2    Str:  9    XL:     8   Next: 3%
Magic:  4/17       EV: 18    Int: 19    God:
Gold:   224        SH:  0    Dex: 16    Spells: 11/18 levels left

rFire    . . .     SeeInvis +   r - +6 rapier of Calculation {pierce, rC+}
rCold    + . .     Gourm    .   (shield restricted)
rNeg     + . .     Faith    .   b - +0 robe
rPois    +         Spirit   .   (helmet restricted)
rElec    .         Reflect  .   (no cloak)
rCorr    .         Harm     .   (gloves unavailable)
MR       +....                  (boots unavailable)
Stlth    ..........             (no amulet)
HPRegen  0.18/turn              f - ring of poison resistance
MPRegen  0.15/turn              h - ring of positive energy

@: berserking, very slightly contaminated, very quick
A: unfitting armour, see invisible, herbivore 3, speed 3, slow metabolism 2
a: no special abilities


You were on level 5 of the Dungeon.
You were not hungry.

You visited 1 branch of the dungeon, and saw 5 of its levels.

You collected 224 gold pieces.

Inventory:

Hand Weapons
 a - a +1 dagger
 o - a +0 dagger of draining
 r - the +6 rapier of Calculation (weapon) {pierce, rC+}
   (You found it on level 5 of the Dungeon)

   It inflicts extra damage upon your enemies.
   It protects you from cold.
Armour
 b - a +0 robe (worn)
Jewellery
 f - a ring of poison resistance (left hand)
 h - a ring of positive energy (right hand)
 m - an uncursed ring of flight
Scrolls
 e - 4 scrolls of teleportation
 g - a scroll of remove curse
 i - 2 scrolls of magic mapping {unknown}
 j - a scroll of noise {unknown}
 k - a scroll of identify {unknown}
 n - a scroll of immolation {unknown}
 q - a scroll of enchant weapon {unknown}
 s - a scroll of silence {unknown}
 t - a scroll of fear {unknown}
Potions
 d - a potion of might {unknown}
 p - a potion of berserk rage
 u - a potion of flight {unknown}
Books
 c - a book of Maledictions

   Spells                             Type                      Level
   a - Corona                         Hexes                        1
   b - Ensorcelled Hibernation        Hexes/Ice                    2
   c - Confuse                        Hexes                        3
   d - Tukima's Dance                 Hexes                        3
   e - Dazzling Spray                 Conjuration/Hexes            3
 l - a book of Cantrips

   Spells                             Type                      Level
   a - Confusing Touch                Hexes                        1
   b - Animate Skeleton               Necromancy                   1
   c - Summon Small Mammal            Summoning                    1
   d - Apportation                    Translocation                1
Comestibles
 v - 4 fruits


   Skills:
 + Level 3.3 Short Blades
 - Level 3.0 Dodging
 + Level 11.5 Stealth
 + Level 5.6 Spellcasting
 - Level 4.3 Hexes
 - Level 2.0 Ice Magic


You had 11 spell levels left.
You knew the following spells:

 Your Spells              Type           Power        Failure   Level  Hunger
a - Corona                Hex            ###....      1%          1    None
b - Ensorcelled Hibernat  Hex/Ice        ###...       4%          2    None
c - Confuse               Hex            ###.....     6%          3    ##.....
d - Apportation           Tloc           #.....       12%         1    None


Dungeon Overview and Level Annotations

Branches:
Dungeon (5/15)
 Temple: D:4-7

Altars:
Cheibriados
Elyvilon
Fedhas
Kikubaaqudgha
Sif Muna
Wu Jian

Annotations:
D:5 Slowdrip's ghost, novice TeFE


Innate Abilities, Weirdness & Mutations

You are very small and have problems with some larger weapons.
You are too small for most types of armour.
You have supernaturally acute eyesight. (SInv)
You are a herbivore.
You cover ground extremely quickly.
You need consume almost no food.


Message History

Confirm with . or Enter, or press ? or * to list all spells.
Aiming: Ensorcelled Hibernation
Press: ? - help, Shift-Dir - straight line, f/p - orc priest
Aim: an orc priest, wielding a mace (chance to defeat MR: 48%)
The orc priest resists with some effort.
The orc priest hits you with a mace!
* * * LOW HITPOINT WARNING * * *
The orc wizard barely misses you. The orc hits you with a club.
* * * LOW HITPOINT WARNING * * *
It was a potion of berserk rage.
A red film seems to cover your vision as you go berserk!
You feel yourself moving faster!
You feel mighty! The orc wizard misses you. The orc priest barely misses you.
The orc misses you.
You are too injured to fight recklessly!
You barely miss the orc.
The orc wizard gestures wildly while chanting.
The orc wizard blinks!
The orc priest invokes the aid of Beogh against you.
Beogh smites you!
You die...

...## ..# #...# #..# ##...##
...#### ## #....)#####.......
.# ##.......##........ .##
##................#
..###..........§oo.#
...#.....(......@.#
..............o..##
..........####################
.........#...................#
..>.....###...#...#...#...#..#
#......##..................._#
###....##.#...#...#...#...#..#
##..(.))...................# #
##.....####################


You could see an orc priest, an orc wizard and an orc.

Vanquished Creatures
  An ice beast (D:5)
  3 ogres
  A bullfrog (D:3)
  3 howler monkeys
  A vampire bat (D:3)
  2 crimson imps (D:5)
  A bullfrog skeleton (D:4)
  3 hounds
  An orc wizard (D:5)
  2 orc priests
  A worker ant (D:4)
  3 adders
  2 oozes
  A worm (D:3)
  A dart slug (D:3)
  3 fire bats (D:3)
  6 orcs
  2 spectral bats (D:3)
  3 bat skeletons (D:3)
  A bat zombie (D:3)
  3 giant cockroaches
  6 goblins
  4 hobgoblins
  3 jackals (D:5)
  3 kobolds (D:1)
  11 bats
  A bat simulacrum (D:3)
  A frilled lizard (D:4)
  A jackal skeleton (D:4)
  2 rats
76 creatures vanquished.

Notes
Turn   | Place    | Note
-------+----------+-------------------------------------------
     0 | D:1      | esteth the Spriggan Enchanter began the quest for the Orb.
     0 | D:1      | Reached XP level 1. HP: 9/9 MP: 5/5
   203 | D:1      | Reached skill level 5 in Stealth
   370 | D:1      | Reached XP level 2. HP: 11/13 MP: 6/6
   396 | D:1      | Learned a level 2 spell: Ensorcelled Hibernation
   955 | D:1      | Reached skill level 6 in Stealth
  1096 | D:3      | Found a snail-covered altar of Cheibriados.
  1296 | D:3      | Reached XP level 3. HP: 14/16 MP: 8/8
  1311 | D:3      | Reached skill level 7 in Stealth
  1311 | D:3      | Reached XP level 4. HP: 18/21 MP: 2/9
  1353 | D:3      | Learned a level 3 spell: Confuse
  1398 | D:3      | Reached skill level 8 in Stealth
  1509 | D:3      | Noticed an ogre
  1517 | D:3      | Killed an ogre
  1517 | D:3      | Reached skill level 9 in Stealth
  1517 | D:3      | Reached XP level 5. HP: 24/24 MP: 7/10
  1783 | D:3      | Learned a level 1 spell: Apportation
  1831 | D:3      | Found an ancient bone altar of Kikubaaqudgha.
  1993 | D:3      | Reached skill level 1 in Ice Magic
  2082 | D:3      | Reached XP level 6. HP: 28/28 MP: 7/11
  3385 | D:4      | Found an ornate altar of the Wu Jian Council.
  3402 | D:4      | Found a deep blue altar of Sif Muna.
  3403 | D:4      | Found a white marble altar of Elyvilon.
  3544 | D:4      | Reached skill level 10 in Stealth
  3902 | D:4      | Reached XP level 7. HP: 32/32 MP: 13/13
  4283 | D:5      | Entered Level 5 of the Dungeon
  4420 | D:5      | Got a fine rapier
  4421 | D:5      | Identified the +6 rapier of Calculation {pierce, rC+} (You found it on level 5 of the Dungeon)
  4562 | D:5      | Noticed Slowdrip's ghost (novice TeFE)
  4599 | D:5      | Reached skill level 11 in Stealth
  4599 | D:5      | Reached skill level 5 in Spellcasting
  5277 | D:5      | Found a blossoming altar of Fedhas.
  5438 | D:5      | Reached XP level 8. HP: 28/36 MP: 17/17
  5537 | D:5      | HP: 1/36 [orc/club (3)]
  5539 | D:5      | Killed from afar by an orc priest

Vault maps used:
D:1:      roderic_octagonal_star
D:2:      wad_lake_hut, tgw_trog, uniq_crazy_yiuf_cottage, uniq_sigmund
D:3:      kennysheep_slug_shrine, lemuel_crystal_altar, goddamned_bats
D:4:      minitemple
D:5:      lemuel_coloured_pillars_altar, first_bread

Skill      XL: |  1  2  3  4  5  6  7 |
---------------+----------------------+-----
Stealth        | 5 6 7 9 10 11 | 11.5
Hexes          | 4 |  4.3
Ice Magic      | 1 2 |  2.0
Spellcasting   | 3 5 |  5.6
Short Blades   | 3 |  3.3
Dodging        | |  3.0

Action                   |  1- 3 |  4- 6 |  7- 9 || total
-------------------------+-------+-------+-------++-------
Melee: Dagger            |   120 |   153 |    26 ||   299
       Rapier            |       |       |    62 ||    62
 Cast: Ensorcelled Hiber |    10 |    17 |    17 ||    44
       Confuse           |       |     4 |     8 ||    12
  Use: Scroll            |       |     2 |     1 ||     3
       Potion            |       |     2 |     1 ||     3
 Stab: Sleeping          |    10 |    13 |     8 ||    31
       Confused          |       |     2 |     1 ||     3
       Distracted        |       |       |     1 ||     1
  Eat: Bread ration      |       |     1 |       ||     1
Armor: Robe              |     6 |    23 |     9 ||    38
Dodge: Dodged            |    91 |   191 |    72 ||   354

Table legend:
 A = Spawn XP
 B = Non-spawn XP
 C = Spawn XP percentage of total XP
 D = Spawn monster count
 E = Non-spawn monster count
 F = Spawn count percentage of total count
 G = Total turns spent on level
                    A         B        C        D         E        F      G
               +---------+---------+-------+---------+---------+-------+---------
         Total |       0 |    1472 |   0.0 |       0 |      76 |   0.0 |  5539
               +---------+---------+-------+---------+---------+-------+---------
           D:1 |       0 |      28 |   0.0 |       0 |      13 |   0.0 |  1053
           D:3 |       0 |     402 |   0.0 |       0 |      30 |   0.0 |  1859
           D:4 |       0 |     365 |   0.0 |       0 |      13 |   0.0 |  1436
           D:5 |       0 |     677 |   0.0 |       0 |      20 |   0.0 |  1175
               +---------+---------+-------+---------+---------+-------+---------
